 Dungeon Crawl Stone Soup version 0.30-a0-305-g026cb31310 (webtiles) character file.

Game seed: 10687026923290785577

45 koil the Sneak (level 3, 0/18 HPs)
             Began as a Spriggan Brigand on Oct 23, 2022.
             Slain by a goblin
             ... wielding a +0 club
             ... led by Robin
              (2 damage)
             ... on level 2 of the Dungeon.
             The game lasted 00:02:26 (831 turns).

koil the Sneak (Spriggan Brigand)                    Turns: 831, Time: 00:02:26

Health: 0/18       AC:  3    Str:  7    XL:     3   Next: 42%
Magic:  5/6        EV: 17    Int: 14    God:
Gold:   100        SH:  0    Dex: 16    Spells: 2/4 levels left

rFire   . . .      SeeInvis +    a - +2 dagger
rCold   . . .      Faith    .    (no shield)
rNeg    . . .      Spirit   .    b - +0 robe
rPois   .          Reflect  .    (helmet restricted)
rElec   .          Harm     .    c - +0 cloak
rCorr   .          Rampage  .    (gloves unavailable)
Will    .....                    (boots unavailable)
Stlth   +++.......               (no amulet)
HPRegen 0.23/turn                (no ring)
MPRegen 0.10/turn                (no ring)

@: very quick
A: very small, no large weapons, unfitting armour, see invisible, speed 3
a: no special abilities


You were on level 2 of the Dungeon.
You visited 1 branch of the dungeon, and saw 2 of its levels.

You collected 100 gold pieces.

Inventory:

Hand Weapons
 a - a +2 dagger (weapon)
Missiles
 d - 9 poisoned darts (quivered)
 e - 3 curare-tipped darts
Armour
 b - a +0 robe (worn)
 c - a +0 cloak (worn)
Jewellery
 m - an amulet of faith
Scrolls
 h - a scroll of acquirement {unknown}
 k - 2 scrolls of poison {unknown}
 l - 2 scrolls of teleportation {unknown}
 o - a scroll of identify {unknown}
 p - a scroll of immolation {unknown}
Potions
 f - a potion of resistance {unknown}
 g - a potion of degeneration {unknown}
 i - a potion of ambrosia {unknown}
 j - a potion of attraction {unknown}
 n - a potion of mutation {unknown}


   Skills:
 + Level 2.0 Fighting
 + Level 2.7 Short Blades
 - Level 2.0 Throwing
 + Level 2.2 Dodging
 + Level 6.2 Stealth
 + Level 1.3 Spellcasting
 + Level 0.5 Hexes


You had 2 spell levels left.
You knew the following spells:

 Your Spells              Type           Power      Damage    Failure   Level
a - Ensorcelled Hibernat  Hex/Ice        2%         N/A       34%         2

Your spell library contained the following spells:

 Spells                   Type           Power      Damage    Failure   Level
 Spider Form              Tmut/Pois      0%         N/A       58%         3
 Anguish                  Hex/Necr       0%         N/A       92%         4


Dungeon Overview and Level Annotations

Branches:
Dungeon (2/15)

Altars:

Shops:
D:1 [:(


Innate Abilities, Weirdness & Mutations

You are very small and have problems with some larger weapons.
You are too small for most types of armour.
You have supernaturally acute eyesight. (SInv)
You cover ground extremely quickly. (Speed+++)


Message History

The goblin hits you but does no damage. Robin closely misses you.
You barely miss Robin.
Robin is severely wounded.
The goblin barely misses you. Robin hits you but does no damage.
You hit Robin.
Robin is severely wounded.
The goblin completely misses you. Robin hits you with a +0 dagger.
You closely miss Robin.
Robin is severely wounded.
The goblin hits you with a +0 club. Robin misses you.
You closely miss Robin.
Robin is severely wounded.
The goblin completely misses you. Robin hits you with a +0 dagger.
You hit Robin.
Robin is almost dead.
The hobgoblin no longer looks unusually strong.
You hit Robin but do no damage.
Robin is almost dead.
The goblin hits you with a +0 club.
* * * LOW HITPOINT WARNING * * *
Robin hits you but does no damage.
You hit Robin.
Robin is almost dead.
The goblin hits you with a +0 club.
* * * LOW HITPOINT WARNING * * *
Robin roars a battlecry!
The hobgoblin goes into a battle-frenzy!
You barely miss Robin.
Robin is almost dead.
The goblin barely misses you. Robin barely misses you.
You hit Robin.
You kill Robin!
The hobgoblin no longer looks unusually strong.
The goblin misses you.
Your Fighting skill increases to level 2!
You hit the hobgoblin.
The hobgoblin is moderately wounded.
The goblin no longer looks unusually strong.
The hobgoblin barely misses you. The goblin hits you with a +0 club.
You die...

#.# #g# #g# #g# #g#
#.# #.# #####)#
#.g@gg# #.##### #.#
#.#### #....#
####.#
#################.#
..................#
###################


You could see 2 hobgoblins and a goblin.

Vanquished Creatures
  Robin (D:2)
  A gnoll (D:1)
  A dart slug (D:1)
  A bat (D:2)
  3 endoplasms
  A giant cockroach (D:1)
  2 goblins
  3 hobgoblins
  A quokka (D:2)
  A ball python (D:2)
  3 frilled lizards
  3 kobolds
  2 rats (D:1)
23 creatures vanquished.

Notes
Turn   | Place    | Note
-------+----------+-------------------------------------------
     0 | D:1      | koil the Spriggan Brigand began the quest for the Orb.
     0 | D:1      | Reached XP level 1. HP: 10/10 MP: 2/2
    15 | D:1      | Found Hilistr Cadd's Armour Emporium.
    45 | D:1      | Reached skill level 6 in Stealth
    45 | D:1      | Reached XP level 2. HP: 4/15 MP: 2/4
   156 | D:1      | Reached skill level 1 in Spellcasting
   267 | D:1      | Found Ohe Hoq's Book Shoppe.
   430 | D:1      | Found Weuniob's Weapon Shop.
   587 | D:2      | Learned a level 2 spell: Ensorcelled Hibernation
   727 | D:2      | Reached XP level 3. HP: 15/18 MP: 5/5
   739 | D:2      | Found a faded altar of an unknown god.
   795 | D:2      | Noticed Robin
   830 | D:2      | Killed Robin
   831 | D:2      | Slain by a goblin

Illustrated notes

Levels and vault maps discovered:
D:1:      nzn_arrival_settlement, layout_rooms, serial_shops, shop,
          nicolae_diamond_shop, nicolae_shop_statue_plus, minmay_misc_feat_tiny
D:2:      minmay_spotlight, layout_basic, hellmonk_ecumenical_altar_arch_garden,
          minmay_misc_feat_five, minmay_pentomino_q2, uniq_robin

Skill      XL: |  1  2  3 |
---------------+----------+-----
Stealth        | 6 |  6.2
Spellcasting   | 1 |  1.3
Dodging        | 2 |  2.2
Fighting       | 2 |  2.0
Short Blades   | |  2.7
Throwing       | |  2.0
Hexes          | |  0.5

Action                   || total
-------------------------++-------
Melee: Dagger            ||   100
       Punch             ||     1
 Stab: Sleeping          ||     5
Armor: Robe              ||    21
Dodge: Dodged            ||    85

Table legend: (Time is in decaauts)
 A = Elapsed time spent in this place.
 B = Non-inter-level travel time spent in this place.
 C = Inter-level travel time spent in this place.
 D = Time resting spent in this place.
 E = Time spent auto-exploring this place.
 F = Levels seen in this place.
 G = Mean time per level.
                   A        B        C        D        E       F      G
               +--------+--------+--------+--------+--------+-----+--------+
         Total |    565 |    565 |      0 |      0 |    403 |   2 |  282.5 |
       Dungeon |    565 |    565 |      0 |      0 |    403 |   2 |  282.5 |
               +--------+--------+--------+--------+--------+-----+--------+

Top non-repeatable levels by time:
     D:1: 368 daAuts
     D:2: 196 daAuts
